 Dungeon Crawl Stone Soup version 0.23.2-40-g277498a (webtiles) character file.

Game seed: 12440500290739176571

132 Fang the Skirmisher (level 5, -5/33 HPs)
             Began as a Gargoyle Berserker on Sept 3, 2019.
             Was a Believer of Trog.
             Killed from afar by an orc wizard (7 damage)
             ... with a magic dart
             ... on level 3 of the Dungeon.
             The game lasted 00:03:41 (1851 turns).

Fang the Skirmisher (Gargoyle Berserker)            Turns: 1851, Time: 00:03:42

Health: -5/33      AC: 10    Str: 22    XL:     5   Next: 15%
Magic:  5/5        EV:  8    Int:  7    God:    Trog [**....]
Gold:   108        SH:  0    Dex:  9    Spells: 4/4 levels left

rFire    . . .     SeeInvis .   a - +0 hand axe
rCold    . . .     Gourm    .   (no shield)
rNeg     + . .     Faith    .   b - +0 chain mail
rPois    ∞         Spirit   .   (no helmet)
rElec    +         Reflect  .   e - scarf {cloud immunity}
rCorr    .         Harm     .   (no gloves)
MR       .....                  (no boots)
Stlth    ..........             (no amulet)
HPRegen  0.11/turn              j - -3 ring of protection (curse)
MPRegen  0.09/turn              (no ring)

@: berserk cooldown, slowed, very slow
A: negative energy resistance 1, electricity resistance, unbreathing,
petrification resistance, rot immunity, AC +4
a: Berserk, Trog's Hand, Renounce Religion


You were on level 3 of the Dungeon.
You worshipped Trog.
Trog was pleased with you.
You were very hungry.

You visited 1 branch of the dungeon, and saw 3 of its levels.

You collected 108 gold pieces.

Inventory:

Hand Weapons
 a - a +0 hand axe (weapon)
Armour
 b - a +0 chain mail (worn)
 e - a scarf of cloud immunity (worn)
Jewellery
 j - a cursed -3 ring of protection (left hand)
 n - an uncursed ring of positive energy {unknown}
Scrolls
 d - 8 scrolls of identify {unknown}
 k - 2 scrolls of remove curse {unknown}
 l - 2 scrolls of teleportation {unknown}
 q - a scroll of enchant armour {unknown}
Potions
 g - 2 potions of brilliance {unknown}
 h - a potion of invisibility {unknown}
 i - a potion of heal wounds {unknown}
 m - a potion of cancellation {unknown}
 o - a potion of lignification {unknown}
 p - a potion of curing {unknown}
Comestibles
 c - 2 rations


   Skills:
 + Level 4.2 Fighting
 + Level 3.4 Axes
 + Level 3.4 Armour
 + Level 2.4 Dodging


You had 4 spell levels left.
You didn't know any spells.
Your spell library was empty.

Dungeon Overview and Level Annotations

Branches:
Dungeon (3/15)

Altars:
Okawaru


Innate Abilities, Weirdness & Mutations

You are resistant to torment.
Your stone body is resilient. (AC +4)
You are immune to poison.
You resist negative energy. (rN+)
You are resistant to electric shocks. (rElec)
You can survive without breathing.
You are immune to petrification.
You are immune to rotting.


Message History

You feel your anger nearly subside.
You closely miss the orc wizard.
The orc wizard is lightly wounded.
The orc wizard hits you but does no damage. x2
Your chain mail prevents you from hitting the orc wizard.
The orc wizard is lightly wounded.
You slash the orc!
You kill the orc!
Trog accepts your kill.
You are no longer berserk.
You are exhausted.
You feel yourself slow down.
The orc wizard points at you and mumbles some strange words.
The magic dart hits you.
* * * LOW HITPOINT WARNING * * *
You closely miss the orc wizard.
The orc wizard is lightly wounded.
The orc wizard gestures at you while chanting.
The magic dart hits you!
You die...

#.#########.#.#
######.#########.#.#
.................#.#
######.#.#####..##.######
#.#.######..#.......
#.........(......)..
###.######..#######.
#####.#######o........
####.....≈g≈...#@#######.
......)..≈≈≈.8.#)#######
............8_8#o.......
###......≈≈≈.8.#.)######
.........≈g≈...#))#
################.... ..
#...... #. .....#?.#
...... ..


You could see an orc wizard and an orc.

Vanquished Creatures
  5 adders
  2 worms
  A dart slug (D:1)
  11 orcs (D:3)
  4 ball pythons
  4 giant cockroaches
  6 goblins
  5 hobgoblins
  5 jackals
  10 kobolds
  7 bats
  2 frilled lizards
  6 rats
68 creatures vanquished.

Notes
Turn   | Place    | Note
-------+----------+-------------------------------------------
     0 | D:1      | Fang the Gargoyle Berserker began the quest for the Orb.
     0 | D:1      | Reached XP level 1. HP: 14/14 MP: 1/1
    24 | D:1      | Reached XP level 2. HP: 16/19 MP: 2/2
   373 | D:1      | Reached XP level 3. HP: 23/23 MP: 3/3
   615 | D:1      | Reached ** piety under Trog
   712 | D:2      | Reached XP level 4. HP: 21/29 MP: 4/4
   886 | D:2      | Reached skill level 4 in Fighting
  1785 | D:3      | Reached XP level 5. HP: 27/33 MP: 5/5
  1786 | D:3      | Found an iron altar of Okawaru.
  1850 | D:3      | HP: 1/33 [orc wizard/magic dart (3)]
  1851 | D:3      | Killed from afar by an orc wizard

Skill      XL: |  1  2  3  4 |
---------------+-------------+-----
Axes           | 3 |  3.4
Dodging        | 2 |  2.4
Armour         | 3 |  3.4
Fighting       | 4 |  4.2

Action                   |  1- 3 |  4- 6 || total
-------------------------+-------+-------++-------
Melee: Hand axe          |   121 |   127 ||   248
Invok: Berserk           |     1 |     2 ||     3
  Eat: Chunk             |       |     5 ||     5
Armor: Animal skin       |    33 |       ||    33
       Chain mail        |    52 |    86 ||   138
Dodge: Dodged            |   105 |    57 ||   162
